 Dungeon Crawl Stone Soup version 0.28-b1-25-g9875b3fc8c (webtiles) character file.

Game seed: 1095508821329897852

32 dorian the Skirmisher (level 3, -1/31 HPs)
             Began as a Palentonga Fighter on Feb 5, 2022.
             Slain by Sigmund (5 damage)
             ... on level 2 of the Dungeon.
             The game lasted 00:01:05 (1128 turns).

dorian the Skirmisher (Palentonga Fighter)          Turns: 1128, Time: 00:01:06

Health: -1/31      AC:  6    Str: 21    XL:     3   Next: 8%
Magic:  3/3        EV:  7    Int:  8    God:
Gold:   13         SH:  4    Dex:  9    Spells: 2/2 levels left

rFire   . . .      SeeInvis +   a - +0 war axe
rCold   . . .      Faith    .   c - +0 buckler
rNeg    . . .      Spirit   .   b - +0 scale mail
rPois   .          Reflect  .   (no helmet)
rElec   .          Harm     .   (no cloak)
rCorr   .          Rampage  .   (no gloves)
Will    .....                   (no barding)
Stlth   ..........              (no amulet)
HPRegen 0.10/turn               (no ring)
MPRegen 0.08/turn               (no ring)

@: no status effects
A: large, rugged brown scales 3, see invisible, deformed body, roll 1, armoured
tail
a: Rolling Charge


You were on level 2 of the Dungeon.
You visited 1 branch of the dungeon, and saw 2 of its levels.

You collected 13 gold pieces.

Inventory:

Hand Weapons
 a - a +0 war axe (weapon)
Armour
 b - a +0 scale mail (worn)
 c - a +0 buckler (worn)
Wands
 k - a wand of polymorph (7)
Scrolls
 f - a scroll of vulnerability {unknown}
 g - a scroll of teleportation {unknown}
 h - a scroll of noise {unknown}
 j - a scroll of torment {unknown}
 l - a scroll of identify {unknown}
 m - a scroll of enchant weapon {unknown}
Potions
 d - 2 potions of might
 e - a potion of heal wounds {unknown}
 i - 2 potions of curing {unknown}


   Skills:
 - Level 3.0 Fighting
 * Level 2.9 Axes
 + Level 2.7 Armour
 + Level 2.7 Shields


You had 2 spell levels left.
You didn't know any spells.
Your spell library contained the following spells:

 Spells                   Type           Power      Damage    Failure   Level
 Beastly Appendage        Tmut           0%         N/A       83%         1
 Wereblood                Tmut           0%         N/A       92%         2
 Spider Form              Tmut/Pois      0%         N/A       99%         3


Dungeon Overview and Level Annotations

Branches:
Dungeon (2/15)

Altars:

Annotations:
D:2 Sigmund


Innate Abilities, Weirdness & Mutations

You are completely covered in rugged brown scales. (AC +3, +7% HP)
You have supernaturally acute eyesight. (SInv)
Armour fits poorly on your strangely shaped body.
You can roll at nearby foes to attack.
You have a long armoured tail.


Message History

Sigmund gestures at you while chanting. The magic dart hits you!
A rat comes into view.
Roll where?
Press: ? - help, Dir - move target, f - Sigmund
Aim: Sigmund, wielding a +0 scythe and wearing a +0 robe You roll forward with a clatter of scales!
Found a scroll labelled ANAWUM BITUBB.
You hit Sigmund. You tail-slap Sigmund!
Sigmund is heavily wounded.
You hear a shout!
Sigmund points at you and mumbles some strange words.
You resist with significant effort. Sigmund hits you but does no damage.
A goblin comes into view. It is wielding a +0 dagger.
You closely miss Sigmund.
Sigmund is heavily wounded.
Sigmund hits you but does no damage.
You barely miss Sigmund.
Sigmund is heavily wounded.
Sigmund casts a spell at you. The puff of flame hits you.
You barely miss Sigmund.
Sigmund is heavily wounded.
Sigmund hits you with a +0 scythe.
You hit Sigmund.
Sigmund is heavily wounded.
Sigmund hits you but does no damage.
You closely miss Sigmund.
Sigmund is heavily wounded.
A bat comes into view.
Sigmund screams, "I am the angel of ZOT!!!"
Sigmund hits you with a +0 scythe.
* * * LOW HITPOINT WARNING * * *
You closely miss Sigmund.
Your tail-slap misses Sigmund.
Sigmund is heavily wounded.
Sigmund hits you with a +0 scythe.
* * * LOW HITPOINT WARNING * * *
You closely miss Sigmund.
Sigmund is heavily wounded.
Sigmund hits you with a +0 scythe.
You die...

...######.. #### ### #
#####
?.##################....
...bgr@@.............###
..####################


You could see Sigmund, a goblin, a bat and a rat.

Vanquished Creatures
  An adder (D:2)
  2 bats (D:1)
  An endoplasm (D:2)
  A goblin (D:2)
  2 hobgoblins
  6 jackals
  2 kobolds
  4 ball pythons
  A frilled lizard (D:1)
  2 rats
22 creatures vanquished.

Notes
Turn   | Place    | Note
-------+----------+-------------------------------------------
     0 | D:1      | dorian the Palentonga Fighter began the quest for the Orb.
     0 | D:1      | Reached XP level 1. HP: 19/19 MP: 1/1
   136 | D:1      | Found a faded altar of an unknown god.
   308 | D:1      | Reached XP level 2. HP: 24/25 MP: 2/2
   895 | D:2      | Reached XP level 3. HP: 23/31 MP: 3/3
  1118 | D:2      | Noticed Sigmund
  1128 | D:2      | Slain by Sigmund

Illustrated notes

Levels and vault maps discovered:
D:1:      mrwooster_arrival_statue_3, layout_loops_ring,
          ebering_ecumenical_altar_petrified
D:2:      layout_rooms, nicolae_elevator_lobby_plus, uniq_sigmund

Action                   || total
-------------------------++-------
Melee: War axe           ||    65
       Tailslap          ||     5
 Abil: Rolling Charge    ||     1
Armor: Scale mail        ||    45
Dodge: Dodged            ||    24
Block: Buckler           ||    12
